 Dungeon Crawl Stone Soup version 0.25.0-1-g7eea58d2a3 (webtiles) character file.

Game seed: 12004759098075776546

(classic levelgen) 72 EnegeticOcto the Skirmisher (level 4, 40/40 HPs)
             Began as a Hill Orc Fighter on June 13, 2020.
             Quit the game on level 2 of the Dungeon.
             The game lasted 00:01:51 (1745 turns).

EnegeticOcto the Skirmisher (Hill Orc Fighter)      Turns: 1745, Time: 00:01:51

Health: 40/40      AC:  9    Str: 19    XL:     4   Next: 25%
Magic:  4/4        EV:  5    Int:  8    God:
Gold:   77         SH:  9    Dex: 10    Spells: 3/3 levels left

rFire    . . .     SeeInvis .   a - +0 war axe
rCold    . . .     Gourm    .   c - +0 kite shield
rNeg     . . .     Faith    .   j - +0 chain mail
rPois    .         Spirit   .   (no helmet)
rElec    .         Reflect  .   (no cloak)
rCorr    .         Harm     .   (no gloves)
MR       .....                  (no boots)
Stlth    ..........             (no amulet)
HPRegen  0.13/turn              (no ring)
MPRegen  0.09/turn              (no ring)

@: no status effects
A: no striking features
a: no special abilities


You were on level 2 of the Dungeon.
You were full.

You visited 1 branch of the dungeon, and saw 2 of its levels.

You collected 77 gold pieces.

Inventory:

Hand Weapons
 a - a +0 war axe (weapon)
Missiles
 f - 8 boomerangs (quivered)
Armour
 c - a +0 kite shield (worn)
 j - a +0 chain mail (worn)
Jewellery
 b - a +6 ring of intelligence {unknown}
Scrolls
 d - a scroll of enchant weapon {unknown}
 g - a scroll of fog {unknown}
 i - a scroll of fear {unknown}
 n - a scroll of identify {unknown}
Potions
 h - 3 potions of invisibility {unknown}
 k - a potion of stabbing {unknown}
 l - a potion of cancellation {unknown}
Comestibles
 e - 4 rations
 m - 3 chunks of flesh


   Skills:
 + Level 4.2 Fighting
 * Level 4.2 Axes
 + Level 3.8 Armour
 + Level 3.7 Shields


You had 3 spell levels left.
You didn't know any spells.
Your spell library was empty.

Dungeon Overview and Level Annotations

Branches:
Dungeon (2/15)

Altars:


Message History

No target in view!
No target in view!
No target in view!
No target in view!
No target in view!
No target in view!
No target in view!
You are feeling very hungry.
The bat hits you but does no damage.
Found a stone staircase leading down.
A bat is nearby!
You miss the bat. The bat hits you but does no damage.
The bat completely misses you. The bat barely misses you.
You hit the bat but do no damage. The bat hits you.
You closely miss the bat. The bat barely misses you.
The bat hits you but does no damage. x2
You hit the bat.
You kill the bat!
No target in view!
No target in view!
No target in view!
No target in view!
No target in view!
No target in view!
No target in view!
No target in view!
No target in view!
No target in view!
No target in view!
No target in view!
No target in view!
You eat one of the 6 rations.
That ration really hit the spot!
You eat one of the 5 rations.
That ration really hit the spot!
You see here a bat corpse.
You butcher the bat corpse.
m - a chunk of flesh You see here a bat skeleton.
There is a stone staircase leading down here.
A hobgoblin comes into view. It is wielding a +0 club.
The hobgoblin shouts!
A hobgoblin is nearby!
A hobgoblin is nearby!
The hobgoblin barely misses you.
You barely miss the hobgoblin. You block the hobgoblin's attack.
You closely miss the hobgoblin. The hobgoblin barely misses you.
The hobgoblin hits you but does no damage.
You hit the hobgoblin.
The hobgoblin is moderately wounded.
The hobgoblin hits you but does no damage.
You closely miss the hobgoblin.
The hobgoblin is moderately wounded.
You block the hobgoblin's attack.
You hit the hobgoblin.
The hobgoblin is heavily wounded.
You block the hobgoblin's attack.
You slash the hobgoblin!
You kill the hobgoblin!
No target in view!
No target in view!
You see here a +0 club.
Found an escape hatch in the ceiling.
n - a scroll labeled QAGUPT CILLE You see here a stone.
There is a stone staircase leading down here.
Found a stone staircase leading down.
There is a stone staircase leading down here.
You see here a spear.
All of the chunks of flesh in your inventory have rotted away.
A goblin comes into view. It is wielding a +0 club.
The goblin shouts!
A goblin is nearby!
A goblin is nearby!
You see here a leather armour.
You closely miss the goblin. You block the goblin's attack.
You miss the goblin. The goblin hits you but does no damage.
Your shield and chain mail prevent you from hitting the goblin.
You block the goblin's attack.
You slash the goblin!
You kill the goblin!
No target in view!
No target in view!
No target in view!
No target in view!
No target in view!
Things that are here:
a +0 club; a goblin corpse You butcher the goblin corpse.
m - 3 chunks of flesh
Things that are here:
a +0 club; a goblin skeleton
Things that are here:
a +0 club; a goblin skeleton You see here a +0 club.
Done exploring.
Done exploring.
Done exploring.
Saving game... please wait.
Welcome back, EnegeticOcto the Hill Orc Fighter.
Press ? for a list of commands and other information.
Are you sure you want to abandon this character and quit the game? (Confirm with "yes".)

#...###.####.#........#
#.#
#...........#..####...#
#.# #...###.####.###
##.## #.# ##.## #.# #)#
#.# #.# #.# #.# #.# #)#
#.# #.# #.# #.# #.# #.#
#.# #.# ##.# #[# #..
#.# #.###..#######.#
##. #.#
#.##@#.........# ##.
#.#
#......#####...####.#
#.#
####...............#.
#.# #..######..#####.#
#.# #.......#.........
#.# #.......#...####.#
#.# #...........# #.#
#.# #..#....#..## #.#
#.# ##.###...#..# #.#


There were no monsters in sight!

Vanquished Creatures
  3 adders (D:2)
  2 dart slugs (D:1)
  A leopard gecko (D:1)
  4 bats
  A giant cockroach (D:1)
  2 goblins
  9 hobgoblins
  3 jackals (D:1)
  4 frilled lizards
  6 kobolds
  4 rats
39 creatures vanquished.

Notes
Turn   | Place    | Note
-------+----------+-------------------------------------------
     0 | D:1      | EnegeticOcto the Hill Orc Fighter began the quest for the
                  | Orb.
     0 | D:1      | Reached XP level 1. HP: 19/19 MP: 1/1
   135 | D:1      | Reached skill level 3 in Axes
   142 | D:1      | Reached XP level 2. HP: 24/27 MP: 2/2
   401 | D:1      | Reached XP level 3. HP: 25/33 MP: 3/3
   779 | D:1      | Reached skill level 4 in Fighting
   913 | D:2      | Reached skill level 4 in Axes
  1301 | D:2      | Reached XP level 4. HP: 39/40 MP: 4/4
  1745 | D:2      | Quit the game

Illustrated notes

Levels and vault maps discovered:
D:1:      tarquinn_simple_flora_water_b, layout_rooms
D:2:      layout_loops_ring, corner_web_ring

Skill      XL: |  1  2  3 |
---------------+----------+-----
Axes           | 3 4 |  4.2
Fighting       | 4 |  4.2
Armour         | |  3.8
Shields        | |  3.7

Action                   |  1- 3 |  4- 6 || total
-------------------------+-------+-------++-------
Melee: War axe           |   137 |    27 ||   164
  Use: Potion            |     1 |       ||     1
  Eat: Chunk             |     1 |       ||     1
       Ration            |       |     2 ||     2
Armor: Scale mail        |    28 |       ||    28
       Chain mail        |    35 |    16 ||    51
Dodge: Dodged            |    40 |     9 ||    49
Block: Kite shield       |    76 |    18 ||    94
